 Dungeon Crawl Stone Soup version 0.31-a0-217-g58bb5d79cf (webtiles) character file.

Game seed: 12871171477490938256

158 qw the Chopper (level 5, -3/32 HPs)
             Began as a Gargoyle Fighter on July 2, 2023.
             Killed from afar by Ijyb (19 damage)
             ... with a bolt of acid
             ... on level 3 of the Dungeon.
             The game lasted 00:01:00 (2159 turns).

qw the Chopper (Gargoyle Fighter)                   Turns: 2159, Time: 00:01:01

Health: -3/32      AC:  4    Str: 21    XL:     5   Next: 40%
Magic:  5/5        EV:  9    Int:  9    God:
Gold:   108        SH:  4    Dex:  9    Spells: 4/4 levels left

rFire   . . .        Y - +0 war axe
rCold   . . .        c - +0 buckler
rNeg    + . .        b - +0 scale mail
rPois   inf          (no helmet)
rElec   +            (no cloak)
rCorr   .            (no gloves)
SInv    .            f - +0 pair of boots
Will    .....        (no amulet) Stlth
                     (no ring)
HPRegen 0.25/turn    (no ring)
MPRegen 0.09/turn

%: no passive effects
@: corroded
A: sickness immunity, AC +4, negative energy resistance 1, electricity
resistance, torment resistance 1, petrification resistance
a: no special abilities


You were on level 3 of the Dungeon.
You visited 1 branch of the dungeon, and saw 3 of its levels.

You collected 108 gold pieces.


Innate Abilities, Weirdness & Mutations

You are immune to sickness and miasma.
Your stone body is resilient. (AC +4)
You are immune to poison.
You resist negative energy. (rN+)
You are resistant to electric shocks. (rElec)
You are resistant to unholy torment.
You are immune to petrification.


   Skills:
 + Level 3.2 Fighting
 - Level 5.0 Axes
 - Level 3.2 Armour
 - Level 3.2 Shields


You had 4 spell levels left.
You didn't know any spells.
Your spell library was empty.

Inventory:

Hand Weapons
 i - a +0 flail
 Y - a +0 war axe (weapon)
Armour
 a - a +0 helmet
 b - a +0 scale mail (worn)
 c - a +0 buckler (worn)
 f - a +0 pair of boots (worn)
Jewellery
 h - a +6 ring of dexterity
Scrolls
 g - a scroll of identify {unknown}
 j - a scroll of amnesia {unknown}
Potions
 d - 3 potions of might
 e - a potion of enlightenment {unknown}

Dungeon Overview and Level Annotations

Branches:
Dungeon (3/15)

Altars:

Shops:
D:1 *

Annotations:
D:3 Ijyb


Message History

You see here a frilled lizard corpse.
Found a stone staircase leading down.
Enter note:
Enter note:
Enter note:
Enter note:
Found a dagger.
Enter note:
Enter note:
Enter note:
Enter note: Ijyb the Twisted Goblin comes into view.
She is wielding a +0 club and carrying a wand of acid (11).
Found a robe.
Ijyb shouts!
Ijyb zaps a wand.
The bolt of acid hits you. The acid corrodes you!
Enter note:
Enter note:
Enter note:
Enter note:
2149 ||| FLEEEEING.
2150 ||| FLEEEEING.
2151 ||| FLEEEEING.
2152 ||| STILL FLEEEEING.
2153 ||| STILL FLEEEEING.
You see here a frilled lizard corpse.
2154 ||| FLEEEEING.
Ijyb drinks a potion.
Ijyb seems to speed up.
2155 ||| Stepping ~*~*~tactically~*~*~ (hiding).
2156 ||| STILL FLEEEEING.
You see here a frilled lizard corpse.
You hit Ijyb.
Ijyb is moderately wounded.
Ijyb zaps a wand.
The bolt of acid hits you but does no damage.
The acid corrodes you!
Ijyb zaps a wand.
The bolt of acid hits you!
You hit Ijyb.
Ijyb is heavily wounded.
Ijyb zaps a wand.
The bolt of acid hits you!!
Ouch! That really hurt!
You die...

.g...# .>..## #....# #.#
#.### #...# ###.###
#.g.# ###@## #....#
####..## +....+
#......### #....###
#........# #.......
#.....##+#####.......
#.........%..#.......
#.........##.#.......
###.........##.........
.............###........


You could see Ijyb (fast).

Vanquished Creatures
  Robin (D:3)
  5 adders
  4 gnolls (D:2)
  A ball python (D:1)
  5 endoplasms
  2 giant cockroaches (D:2)
  18 goblins
  5 hobgoblins
  3 jackals (D:3)
  2 quokkas (D:1)
  5 bats
  3 frilled lizards
  4 kobolds
  4 rats
62 creatures vanquished.

Notes
Turn   | Place    | Note
-------+----------+-------------------------------------------
     0 | D:1      | qw the Gargoyle Fighter began the quest for the Orb.
     0 | D:1      | Reached XP level 1. HP: 14/14 MP: 1/1
     0 | D:1      | 0 ||| qw: Version: 0.3-a-40-ge99b1a8
     0 | D:1      | 0 ||| qw: Game counter: 85
     0 | D:1      | 0 ||| qw: Melee chars always use a shield: true
     0 | D:1      | 0 ||| qw: God list: Okawaru
     0 | D:1      | 0 ||| qw: Allow faded altars: false
     0 | D:1      | 0 ||| qw: Do Orc after clearing Dungeon:15 true
     0 | D:1      | 0 ||| qw: Do second Lair branch before Depths: true
     0 | D:1      | 0 ||| qw: Lair rune preference: random
     0 | D:1      | 0 ||| qw: Goals: Normal, Zot:1-4, Slime:5, God:TSO, Crypt,
                  | Tomb, Abyss, Pan, Hells, Win
     0 | D:1      | 0 ||| PLANNING D:1-11
    27 | D:1      | Reached skill level 2 in Axes
   168 | D:1      | Reached XP level 2. HP: 16/19 MP: 2/2
   444 | D:1      | Found Vybuef Limo's General Store.
   447 | D:1      | 447 ||| SHOPLISTING potion of haste (140 gold, have 15).
   447 | D:1      | 447 ||| SHOPLISTING scroll of identify (28 gold, have 15).
   836 | D:1      | 836 ||| UPGRADING to +0 pair of boots.
  1044 | D:2      | Reached skill level 3 in Axes
  1044 | D:2      | Reached XP level 3. HP: 22/23 MP: 3/3
  1128 | D:2      | 1128 ||| Stepping ~*~*~tactically~*~*~ (stealth).
  1181 | D:2      | 1181 ||| Stepping ~*~*~tactically~*~*~ (hiding).
  1196 | D:2      | Reached XP level 4. HP: 27/28 MP: 4/4
  1197 | D:2      | Reached skill level 4 in Axes
  1240 | D:2      | 1240 ||| DROPPING +0 club.
  1243 | D:2      | Found a faded altar of an unknown god.
  1253 | D:2      | Identified the +6 whip of Watchfulness {heavy, rElec}
  1673 | D:2      | 1673 ||| READING scroll labelled TUFENT HICALI.
  1674 | D:2      | 1674 ||| READING scroll labelled DUHUMAMILU.
  1748 | D:3      | Reached XP level 5. HP: 32/32 MP: 5/5
  1784 | D:3      | 1784 ||| Stepping ~*~*~tactically~*~*~ (hiding).
  1937 | D:3      | Noticed Robin
  1938 | D:3      | 1938 ||| Stepping ~*~*~tactically~*~*~ (stealth).
  1959 | D:3      | 1959 ||| Stepping ~*~*~tactically~*~*~ (stealth).
  1965 | D:3      | 1965 ||| Stepping ~*~*~tactically~*~*~ (stealth).
  1966 | D:3      | 1966 ||| Stepping ~*~*~tactically~*~*~ (stealth).
  1975 | D:3      | Killed Robin
  2138 | D:3      | Reached skill level 5 in Axes
  2148 | D:3      | Noticed Ijyb
  2149 | D:3      | 2149 ||| FLEEEEING.
  2150 | D:3      | 2150 ||| FLEEEEING.
  2151 | D:3      | 2151 ||| FLEEEEING.
  2154 | D:3      | 2154 ||| FLEEEEING.
  2155 | D:3      | 2155 ||| Stepping ~*~*~tactically~*~*~ (hiding).
  2159 | D:3      | Killed from afar by Ijyb

Levels and vault maps discovered:
D:1:      zelgadis_glass_arrival_small, layout_basic, serial_shops,
          nicolae_shop_behind_doors
D:2:      layout_basic, shapermc_ecumenical_altar_totnotflames
D:3:      kennysheep_goblin_castle, layout_basic,
          amethyst_overflow_temple_binary,
          nicolae_gozag_cash_rules_everything_around_me, uniq_ijyb

Skill      XL: |  1  2  3  4  5 |
---------------+----------------+-----
Axes           | 2 3 4 5 |  5.0
Fighting       | |  3.2
Armour         | |  3.2
Shields        | |  3.2

Action                     |  1- 3 |  4- 6 || total
---------------------------+-------+-------++-------
  Melee: War axe           |   102 |    78 ||   180
    Use: Scroll            |       |     2 ||     2
 Armour: Scale mail        |    39 |    48 ||    87
  Dodge: Dodged            |    61 |    37 ||    98
  Block: Buckler           |    27 |    13 ||    40

Table legend:
 A = Non-vault XP
 B = Vault XP
 C = Vault XP percentage of total XP
 D = Non-vault monster count
 E = Vault monster count
 F = Vault count percentage of total count
                 A         B        C        D         E       F
            +---------+---------+-------+---------+---------+-------
      Total |     162 |      65 |  28.6 |      41 |      21 |  33.9
            +---------+---------+-------+---------+---------+-------
        D:1 |      25 |       0 |   0.0 |      15 |       0 |   0.0
        D:2 |     129 |       0 |   0.0 |      21 |       0 |   0.0
        D:3 |       8 |      65 |  89.0 |       5 |      21 |  80.8
            +---------+---------+-------+---------+---------+-------
